 Dungeon Crawl Stone Soup version 0.31-a0-1002-g8e65716e6e (webtiles) character file.

Game seed: 8728828712798018079

7 Malachi the Magician (level 2, -3/21 HPs)
             Began as a Djinni Hedge Wizard on Nov 9, 2023.
             Was a Follower of Lugonu.
             Slain by a gnoll
             ... wielding a +0 whip
              (7 damage)
             ... on level 1 of the Dungeon.
             The game lasted 00:00:32 (256 turns).

Malachi the Magician (Djinni Hedge Wizard)           Turns: 256, Time: 00:00:32

Health: -3/21      AC:  2    Str:  9    XL:     2   Next: 5%
Gold:   9          EV: 12    Int: 15    God:    Lugonu [*.....] SH:  0 Dex: 12

rFire   + + .        a - +0 dagger
rCold   x . .        (no shield)
rNeg    . . .        b - +0 robe
rPois   ∞            c - +0 hat
rElec   .            (no cloak)
rCorr   .            (no gloves)
SInv    .            (boots unavailable)
Will    .....        (no amulet)
Stlth   ++           (no ring)
HPRegen 0.23/turn    (no ring)
MPRegen 0.00/turn

%: infuse magic (-4 HP)
@: flying
A: sickness immunity, fire resistance 2, cold vulnerability 1, float, innate
caster, HP casting, extra vitality 1
a: Renounce Religion, Depart the Abyss


You were on level 1 of the Dungeon.
You worshipped Lugonu.
Lugonu was aware of your devotion.
You visited 1 branch of the dungeon, and saw 1 of its levels.

You collected 9 gold pieces.

Inventory:

Hand Weapons
 a - a +0 dagger (weapon)
Armour
 b - a +0 robe (worn)
 c - a +0 hat (worn)
Potions
 d - a potion of curing {unknown}


   Skills:
 + Level 2.4 Dodging
 + Level 1.8 Stealth
 + Level 3.0 Spellcasting
 + Level 3.0 Conjurations
 + Level 3.0 Hexes
 + Level 3.0 Summonings
 + Level 3.0 Necromancy
 + Level 3.0 Translocations
 + Level 3.0 Transmutations
 + Level 3.0 Fire Magic
 + Level 3.0 Ice Magic
 + Level 3.0 Air Magic
 + Level 3.0 Earth Magic
 + Level 3.0 Poison Magic


You knew the following spells:

 Your Spells              Type           Power      Damage    Failure   Level
a - Magic Dart            Conj           44%        1d5       6%          1
b - Slow                  Hex            44%        N/A       6%          1
c - Blink                 Tloc           22%        N/A       9%          2
d - Call Imp              Summ           22%        N/A       9%          2
e - Mephitic Cloud        Conj/Pois/Air  11%        N/A       17%         3
Your spell library was empty.

Dungeon Overview and Level Annotations

Branches:
Dungeon (1/15)

Altars:
Lugonu


Innate Abilities, Weirdness & Mutations

You are immune to sickness and miasma.
You are immune to poison.
Your flesh is very heat resistant. (rF++)
You are vulnerable to cold. (rC-)
You float through the air rather than walking.
You learn spells naturally, not from books.
Your magical power is your life essence.
You have superior vitality. (+4 MHP)


Message History

Your Necromancy skill increases to level 3!
Your Translocations skill increases to level 3!
Your Transmutations skill increases to level 3!
Your Fire Magic skill increases to level 3!
Your Ice Magic skill increases to level 3!
Your Air Magic skill increases to level 3!
Your Earth Magic skill increases to level 3!
Your Poison Magic skill increases to level 3!
You have reached level 2!
Unknown command.
Casting: Magic Dart (safe; 6% risk of failure)
Confirm with . or Enter, or press ? or * to list all spells.
Okay, then.
Casting: Magic Dart (safe; 6% risk of failure)
Confirm with . or Enter, or press ? or * to list all spells.
A tiny devil pulls itself out of the air.
* * * LOW HITPOINT WARNING * * *
The gnoll hits you with a +0 whip.
* * * LOW HITPOINT WARNING * * *
Unknown command.
Your cerulean imp hits the gnoll but does no damage.
Your cerulean imp hits the gnoll but does no damage.
The gnoll attacks as it pursues you! The gnoll closely misses you.
What are your orders? t - Shout!
Orders for allies: a - Attack new target. r - Retreat! s - Stop attacking. g - Guard the area. f - Follow me.
Anything else - Cancel.
Gang up on whom?
Press: ? - help, Dir - move target, f - gnoll
Aim: a gnoll, wielding a +0 whip (ally target) Attack!
Your cerulean imp hits the gnoll but does no damage.
Found 7 stones.
Your cerulean imp barely misses the gnoll.
The gnoll attacks as it pursues you! The gnoll hits you but does no damage.
Your cerulean imp closely misses the gnoll.
The gnoll attacks as it pursues you! The gnoll hits you with a +0 whip!
You die...

#.....5....#
###.##.....#
#.##.....#
#.#....###
#5#.#### #.#.#
# #.#.# #
#g#.## #
#.@..#####.# #
#..........#
##
##...#######
.###########
##.##
...........#
#.#
.#########.#
#.# .# #.# #.#
.# #.# #.# .#
#_#
##.###########


You could see a gnoll (ally target) and a friendly cerulean imp (summoned).

Vanquished Creatures
  3 bats (D:1)
  An endoplasm (D:1)
  A quokka (D:1)
5 creatures vanquished.

Notes
Turn   | Place    | Note
-------+----------+-------------------------------------------
     0 | D:1      | Malachi the Djinni Hedge Wizard began the quest for the
                  | Orb.
     0 | D:1      | Malachi set off with the following spells memorised: Magic
                  | Dart, Slow, Blink, Call Imp, Mephitic Cloud.
     0 | D:1      | Reached XP level 1. HP: 15/15 MP: 0/0
     2 | D:1      | Noticed a demigod
     2 | D:1      | Noticed an armataur
     4 | D:1      | Noticed a minotaur
     6 | D:1      | Noticed a draconian
     6 | D:1      | Noticed a spriggan
     8 | D:1      | Noticed a merfolk
     8 | D:1      | Noticed a naga
    10 | D:1      | Noticed a ghoul
    10 | D:1      | Noticed a demonspawn
    12 | D:1      | Noticed an octopode
    12 | D:1      | Noticed a troll
    14 | D:1      | Noticed a felid
    16 | D:1      | Noticed an elf
    16 | D:1      | Noticed a gargoyle
    18 | D:1      | Noticed a human
    20 | D:1      | Noticed a vampire
    20 | D:1      | Noticed an ogre
    22 | D:1      | Noticed a vine stalker
    22 | D:1      | Noticed a meteoran
    24 | D:1      | Noticed a felid
    24 | D:1      | Noticed a formicid
    26 | D:1      | Noticed a tengu
    26 | D:1      | Noticed a gargoyle
    69 | D:1      | Found a faded altar of an unknown god.
   109 | D:1      | Prayed at the altar of an unknown god.
   109 | D:1      | Became a worshipper of Lugonu the Unformed
   109 | D:1      | Reached * piety under Lugonu
   244 | D:1      | Reached XP level 2. HP: 5/21 MP: 0/0
   244 | D:1      | HP: 1/21 [gnoll/+0 whip (2)]
   256 | D:1      | Slain by a gnoll

Illustrated notes

Levels and vault maps discovered:
D:1:      kb_arrival_jail, layout_loops_ring, basic_ecumenical_altar,
          minmay_tripent

Skill      XL: |  1 |
---------------+----+-----
Spellcasting   | 3 |  3.0
Conjurations   | 3 |  3.0
Hexes          | 3 |  3.0
Summonings     | 3 |  3.0
Necromancy     | 3 |  3.0
Translocations | 3 |  3.0
Transmutations | 3 |  3.0
Fire Magic     | 3 |  3.0
Ice Magic      | 3 |  3.0
Air Magic      | 3 |  3.0
Earth Magic    | 3 |  3.0
Poison Magic   | 3 |  3.0
Dodging        | |  2.4
Stealth        | |  1.8

Action                     || total
---------------------------++-------
  Melee: Dagger            ||     1
   Cast: Magic Dart        ||    13
         Call Imp          ||     1
 Armour: Robe              ||     8
  Dodge: Dodged            ||     6

Table legend: (Time is in decaauts)
 A = Elapsed time spent in this place.
 B = Non-inter-level travel time spent in this place.
 C = Inter-level travel time spent in this place.
 D = Time resting spent in this place.
 E = Time spent auto-exploring this place.
 F = Levels seen in this place.
 G = Mean time per level.
                   A        B        C        D        E       F      G
               +--------+--------+--------+--------+--------+-----+--------+
         Total |    256 |    256 |      0 |      0 |    199 |   1 |  256.0 |
       Dungeon |    256 |    256 |      0 |      0 |    199 |   1 |  256.0 |
               +--------+--------+--------+--------+--------+-----+--------+

Top non-repeatable levels by time:
     D:1: 256 daAuts
